 Dungeon Crawl Stone Soup version 0.21.1-1-g345015f (webtiles) character file.

445 RudyRod the Cudgeler (level 7, -9/60 HPs)
             Began as a Ghoul Monk on May 17, 2018.
             Blown up by Ijyb (15 damage)
             ... with a wand of disintegration (5)
             ... on level 4 of the Dungeon.
             The game lasted 00:09:37 (3228 turns).

RudyRod the Cudgeler (Ghoul Monk)                   Turns: 3228, Time: 00:09:38

Health: -9/60      AC: 12    Str: 17    XL:     7   Next: 3%
Magic:  6/7        EV:  6    Int:  5    God:
Gold:   99         SH:  0    Dex: 11    Spells: 6/6 levels left

rFire    . . .     SeeInvis .   a - +0 mace
rCold    + + .     Gourm    .   (no shield)
rNeg     + + +     Faith    .   m - +0 plate armour
rPois    ∞         Spirit   .   p - +0 helmet
rElec    .         Reflect  .   (no cloak)
rCorr    .         Harm     .   (no gloves)
MR       .....                  (no boots)
Stlth    ..........             (no amulet)
HPRegen  0.00/turn              q - ring of protection from cold (curse)
MPRegen  0.10/turn              (no ring)

@: rotting
A: rotting body, claws 1, carnivore, cold resistance 1, negative energy
resistance 3, inhibited regeneration, torment resistance, unbreathing
a: no special abilities


You were on level 4 of the Dungeon.
You were not hungry.

You visited 1 branch of the dungeon, and saw 4 of its levels.

You collected 99 gold pieces.

Inventory:

Hand Weapons
 a - a +0 mace (weapon)
Armour
 b - a +0 robe
 m - a +0 plate armour (worn)
 p - a +0 helmet (worn)
Jewellery
 q - a cursed ring of protection from cold (left claw)
Wands
 o - a wand of polymorph (9)
 w - a wand of random effects (20)
 x - a wand of enslavement (12)
Scrolls
 e - 3 scrolls of random uselessness {unknown}
 f - 2 scrolls of enchant armour {unknown}
 h - a scroll of fog {unknown}
 i - 2 scrolls of remove curse {unknown}
 k - 2 scrolls of teleportation {unknown}
 l - 4 scrolls of enchant weapon {unknown}
 s - 2 scrolls of identify {unknown}
 t - 3 scrolls of blinking {unknown}
Potions
 d - 2 potions of ambrosia
 g - 2 potions of degeneration {unknown}
 j - 4 potions of curing {unknown}
 n - a potion of flight {unknown}
 r - 2 potions of agility {unknown}
 u - a potion of mutation {unknown}
 v - a potion of lignification {unknown}
Comestibles
 c - 10 rations
 z - a chunk of flesh


   Skills:
 + Level 4.3 Fighting
 + Level 4.8 Maces & Flails
 * Level 3.1 Armour
 + Level 3.1 Dodging
 + Level 2.8 Stealth
 * Level 1.3 Evocations


You had 6 spell levels left.
You didn't know any spells.

Dungeon Overview and Level Annotations

Branches:
Dungeon (4/15)
 Temple: D:4-7

Altars:
Ashenzari
Wu Jian

Annotations:
D:4 Ijyb


Innate Abilities, Weirdness & Mutations

Your body is rotting away.
You thrive on raw meat.
You are immune to poison.
You have sharp fingernails.
You are carnivorous and can eat meat at any time.
Your flesh is cold resistant. (rC+)
You are immune to negative energy. (rN+++)
You do not regenerate when monsters are visible.
You are immune to unholy pain and torment.
You can survive without breathing.


Message History

You hit Ijyb but do no damage.
Ijyb is lightly wounded.
Ijyb barely misses you.
You closely miss Ijyb.
Ijyb is lightly wounded.
Ijyb zaps a wand.
You are blasted!
Ijyb screams, "Me stronger than you!" Ijyb hits you but does no damage.
You hit Ijyb.
Ijyb is moderately wounded.
Ijyb zaps a wand.
You are blasted!
* * * LOW HITPOINT WARNING * * *
You hit Ijyb.
Ijyb is heavily wounded.
Ijyb hits you.
* * * LOW HITPOINT WARNING * * *
You closely miss Ijyb.
Ijyb is heavily wounded.
Ijyb zaps a wand.
You are blasted!
You die...

##############
#............#
#.##########.#
####.##########.#
#.g@)........##.#
#.##.###.....##.####
#. #.# #............
#. #.# #...........#
.g #.# #.....##.##.#
## #.###.######.##.#
#............##.#
#####............ .#
#......########..


You could see Ijyb.

Vanquished Creatures
  A phantom (D:4)
  A bullfrog (D:4)
  A scorpion (D:4)
  A bullfrog zombie (D:4)
  2 orc wizards (D:4)
  An iguana (D:4)
  Robin (D:2)
  4 adders
  An adder skeleton (D:4)
  A worm (D:3)
  2 dart slugs
  2 leopard geckos
  3 orcs
  8 bats
  2 giant cockroaches
  17 goblins
  6 hobgoblins
  2 jackals (D:1)
  4 quokkas (D:4)
  A ball python skeleton (D:4)
  2 frilled lizards
  8 kobolds
  4 rats
75 creatures vanquished.

Vanquished Creatures (others)
  An orc priest (D:4)
1 creature vanquished.

Grand Total: 76 creatures vanquished

Notes
Turn   | Place    | Note
-------+----------+-------------------------------------------
     0 | D:1      | RudyRod the Ghoul Monk began the quest for the Orb.
     0 | D:1      | Reached XP level 1. HP: 19/19 MP: 0/0
    73 | D:1      | Reached XP level 2. HP: 22/26 MP: 1/1
   776 | D:1      | Reached XP level 3. HP: 33/33 MP: 2/2
   994 | D:2      | Noticed Robin
  1072 | D:2      | Killed Robin
  1325 | D:2      | Found an ornate altar of the Wu Jian Council.
  1345 | D:2      | Reached XP level 4. HP: 40/40 MP: 3/3
  1492 | D:2      | Found a shattered altar of Ashenzari.
  1906 | D:3      | Reached skill level 1 in Armour
  2338 | D:4      | Noticed a bullfrog
  2352 | D:4      | Killed a bullfrog
  2352 | D:4      | Reached XP level 5. HP: 16/46 MP: 4/4
  2517 | D:4      | Noticed a phantom
  2652 | D:4      | Reached XP level 6. HP: 27/52 MP: 5/5
  2841 | D:4      | Reached skill level 1 in Evocations
  3090 | D:4      | Killed a phantom
  3195 | D:4      | Noticed Ijyb
  3219 | D:4      | Reached XP level 7. HP: 39/60 MP: 6/6
  3228 | D:4      | Blown up by Ijyb

Skill      XL: |  1  2  3  4  5  6 |
---------------+-------------------+-----
Maces & Flails | 3 4 |  4.8
Dodging        | 3 |  3.1
Fighting       | 4 |  4.3
Armour         | 1 2 3 |  3.1
Evocations     | 1 |  1.3
Stealth        | |  2.8

Action                   |  1- 3 |  4- 6 |  7- 9 || total
-------------------------+-------+-------+-------++-------
Melee: Mace              |   117 |   230 |     8 ||   355
Evoke: Wand              |       |     5 |       ||     5
  Use: Potion            |       |     1 |       ||     1
 Stab: Sleeping          |     2 |       |       ||     2
  Eat: Chunk             |    10 |    11 |       ||    21
Armor: Robe              |    15 |       |       ||    15
       Plate armour      |    55 |   168 |     1 ||   224
Dodge: Dodged            |    76 |    63 |     1 ||   140
